[Event "*** SCC Grand Prix: Titled Tuesday Blitz"]
[Site "Chess.com"]
[Date "2020.06.23"]
[Round "8"]
[White "UKR_Master"]
[Black "Angel_Hranitel_37"]
[Result "0-1"]
[WhiteElo "2305"]
[BlackElo "2424"]
[TimeControl "180+1"]
[EndTime "11:36:23 PDT"]
[Termination "Angel_Hranitel_37 won by resignation"]

1. e4 c5 2. Nf3 e6 3. c3 d5 4.
exd5 Qxd5 5. d4 Nf6 6. Na3 Qd8 7.
Bf4 Nd5 8. Bg3 cxd4 9. Qxd4 Nc6 10. Qa4 Bd7 11. Nc4 b5 12. Qxb5 Ncb4 13. Qb7 Bc6 14.
Nd6+ Bxd6 15. Bb5 O-O 16. Bxc6 Rb8 17. Qxa7 Nc2+ 18. Ke2 Nxa1 19. Rxa1 Rxb2+ 20. Kf1 Bxg3 21. hxg3 Nxc3 22. Qe3 Qa5 23. Nd4 Rxa2 24. Rc1 Nd5 25. Bxd5 Qxd5 26. Nf3 Rfa8 27. Qc3 g6 28. Ne5 R2a5 29.
Ng4 Qb5+ 30. Kg1 e5 31. Nf6+ Kg7 32. Ne4 Qd5 33. Qe3 Ra1 34. Re1 Rxe1+ 35. Qxe1 Qd4 36. Kh2 Ra1 37. Qe2 Rd1 38. Qf3 Rf1 39. Qf6+ Kg8 40. g4 Rxf2 41. Nxf2 h5 42. gxh5 gxh5 43. Qg5+ Kf8 44.
Nh3 h4 45. Qh6+ Ke7 46. Qg5+ Kf8 47. Qf6 Ke8 48. Qf2 Qg4 49. Qf6 Qg3+ 50. Kh1 e4 51.
Qd6 Qxd6 52. Ng5 Qd1+ 53. Kh2 Qg4 54. Nh3 Qg3+ 55. Kh1 e3 0-1

[Event "*** SCC Grand Prix: Titled Tuesday Blitz"]
[Site "Chess.com"]
[Date "2020.06.23"]
[Round "8"]
[White "Brave_spirit12"]
[Black "sasko1234"]
[Result "1-0"]
[WhiteElo "2343"]
[BlackElo "2406"]
[TimeControl "180+1"]
[EndTime "11:36:24 PDT"]
[Termination "Brave_spirit12 won by resignation"]

1. e4 d6 2. d4 Nf6 3. Nc3 c6 4. Bf4 Qa5 5. Qd2 e5 6. Be3 Be7 7. O-O-O b5 8. d5 b4 9. Nb1 Nxe4 10. Qd3 Nf6 11. dxc6 Nxc6 12. Qb5 Qxb5 13. Bxb5 Bd7 14. Nf3 Ng4 15. Nbd2 d5 16. h3 Nxe3 17. fxe3 e4 18. Bxc6 Bxc6 19. Ne5 Bb7 20. Nb3 a5 21. Nd4 Bc5 22.
Rhf1 f6 23. Ng4 O-O 24. Ne6 Rfc8 25. Nxc5 Rxc5 26. Rd2 a4 27. Kb1 h5 28. Nf2 b3 29.
axb3 axb3 30. cxb3 Ba6 31. Rc1 Rac8 32. Rxc5 Rxc5 33.
b4 Rb5 34. Nd1 Rxb4 35. Rxd5 Bd3+ 36. Kc1 Kf8 37. Rd4 Rxd4 38. exd4 Bf1 39. Ne3 Bd3 40. Kd2 Ke7 41. b4 g6 42. Nd1 Kd6 43. Ke3 g5 44. g4 hxg4 45. hxg4 Kd5 46. Nf2 Bc2 47. b5 Bb1 48. b6 Kc6 49. Nxe4 Kxb6 50. Nxf6 Kc6 51.
Ne4 Kd5 52. Nxg5 Bc2 53. Nh3 Bb1 54. Nf4+ Kd6 55. g5 Ke7 56. d5 Kd6 57. Kd4 Bc2 58. g6 Bb1 59. g7 Bh7 60. Nh5 Bg8 61. Nf6 1-0

[Event "*** SCC Grand Prix: Titled Tuesday Blitz"]
[Site "Chess.com"]
[Date "2020.06.23"]
[Round "8"]
[White "winniethepooh04"]
[Black "TimKett"]
[Result "0-1"]
[WhiteElo "1801"]
[BlackElo "2216"]
[TimeControl "180+1"]
[EndTime "11:36:24 PDT"]
[Termination "TimKett won by checkmate"]

1. e4 e5 2. Nf3 Nc6 3. Bc4 Nf6 4. d3 Bc5 5. c3 O-O 6. O-O a5 7. d4 exd4 8. cxd4 Bb6 9. d5 Nb4 10. e5 Ne8 11. Bg5 f6 12. exf6 Nxf6 13. d6+ Kh8 14.
Ne5 Qe8 15. Bxf6 Rxf6 16. Ng4 Rxd6 17. Qf3 Rg6 18. Bf7 Qf8 19. Bxg6 Qxf3 20. gxf3 hxg6 21. Nc3 c6 22. Ne4 d5 23. Nd6 Bxg4 24. fxg4 Rb8 25. Rae1 Bc5 26. Nf7+ Kg8 27. Ne5 Rd8 28. Nxg6 Nxa2 29.
Ra1 Nb4 30. Rxa5 Bb6 31. Ra3 d4 32. Rh3 Kf7 33. Ne5+ Ke6 34. Nc4 Bc7 35. Rh5 b5 36.
Re1+ Kf7 37. Ne5+ Bxe5 38. Rhxe5 d3 39. g5 Rd4 40. R5e4 Rxe4 41. Rxe4 Nc2 42. g6+ Kf6 43.
Re8 c5 44. Rd8 c4 45. h4 Ke5 46. h5 Nd4 47. h6 d2 48. hxg7 d1=Q+ 49. Kh2 Qh5+ 50. Kg1 Qg5+ 51. Kf1 Qxd8 52. f4+ Kxf4 53.
Kg2 Qg8 54. Kf2 Qxg7 55. Ke1 Qxg6 56. Kd2 b4 57. b3 Qg2+ 58. Kc1 Qc2# 0-1

[Event "*** SCC Grand Prix: Titled Tuesday Blitz"]
[Site "Chess.com"]
[Date "2020.06.23"]
[Round "8"]
[White "doons21"]
[Black "Batsai"]
[Result "1-0"]
[WhiteElo "2541"]
[BlackElo "2368"]
[TimeControl "180+1"]
[EndTime "11:36:27 PDT"]
[Termination "doons21 won on time"]

1. e4 c6 2. d3 d5 3. Nd2 e5 4.
Ngf3 Bd6 5. g3 Nf6 6. Bg2 Be6 7. O-O O-O 8. h3 h6 9. Nh4 Re8 10. Qf3 Nbd7 11. Nf5 Bf8 12. Re1 dxe4 13. dxe4 Qc7 14.
g4 g6 15. Ng3 Bg7 16. Ndf1 Nh7 17. h4 Nb6 18. b3 Qe7 19. h5 Ng5 20. Qe2 a5 21. a4 Nd7 22. Ba3 Qf6 23. Ne3 Qf4 24. Rad1 Nf6 25. Bc1 Bxg4 26. Nxg4 Qxg4 27. Qxg4 Nxg4 28.
hxg6 fxg6 29. Rd7 Ne6 30. Rxb7 Nd4 31. c3 Ne6 32. Bf1 Nf4 33. Bc4+ Kh7 34. Rd1 Rad8 35. Rxd8 Rxd8 36. Be3 Rd1+ 37. Nf1 h5 38. Rf7 g5 39. Rf5 Kg6 40. Bf7+ Kh6 41. Bc4 Bf6 42. Bxf4 gxf4 43. f3 Ne3 44. Rxf6+ Kg5 45. Rf5+ Kh4 46. Kf2 Nxf5 47.
exf5 Kg5 48. Be2 Rd6 49. b4 Kxf5 50. bxa5 Rd7 51. a6 Ra7 52. Bd3+ Ke6 53. Nd2 Kd5 54. Ne4 c5 55. Bb5 Rg7 56. Nf6+ Kd6 57. Nxh5 1-0

[Event "*** SCC Grand Prix: Titled Tuesday Blitz"]
[Site "Chess.com"]
[Date "2020.06.23"]
[Round "8"]
[White "tan275"]
[Black "louis198"]
[Result "0-1"]
[WhiteElo "2277"]
[BlackElo "2492"]
[TimeControl "180+1"]
[EndTime "11:36:28 PDT"]
[Termination "louis198 won by checkmate"]

1. d4 e6 2. c4 d5 3. Nf3 Nf6 4. g3 Be7 5. Bg2 O-O 6. O-O a5 7. Qc2 Nc6 8. Rd1 Nb4 9. Qc3 Ne4 10. Qe3 Nc2 11. Qf4 Nxa1 12. Ne1 Bg5 13. Qg4 f5 14. Qf3 a4 15. Nd2 Ra6 16. Nxe4 fxe4 17. Qa3 Be7 18. Qc3 Rc6 19. c5 b6 20. Be3 bxc5 21. dxc5 Bf6 22. Bd4 e5 23. Bxe5 Bxe5 24. Qxe5 Qf6 25.
Qxd5+ Kh8 26. Rxa1 Qxf2+ 27. Kh1 Rxc5 28. Qxe4 Bf5 29.
Qf3 Qxf3 30. Bxf3 Rb8 31. e4 Be6 32. a3 Rxb2 33. Nd3 Rcc2 34. Nxb2 Rxb2 35. h4 Rb3 36. Kg2 c5 37. Rc1 c4 38. Ra1 Kg8 39. Bd1 Rb2+ 40.
Kf3 c3 41. Rc1 Bb3 42. Bxb3+ Rxb3 43. Ke3 Rxa3 44. Kd3 c2+ 45. Kxc2 Rxg3 46. e5 a3 47. Kb1 Kf7 48. Rc7+ Ke6 49. Rc5 h6 50. Ra5 g5 51.
hxg5 hxg5 52. Ka2 Re3 53. Rxa3 Rxa3+ 54. Kxa3 g4 55. Kb2 g3 56. Kc2 g2 57. Kd3 g1=Q 58.
Ke4 Qc5 59. Kd3 Qxe5 60. Kc2 Qg3 61. Kd2 Kd5 62. Ke2 Kd4 63. Kd2 Qh2+ 64. Kc1 Kc3 65. Kd1 Qd2# 0-1

[Event "*** SCC Grand Prix: Titled Tuesday Blitz"]
[Site "Chess.com"]
[Date "2020.06.23"]
[Round "8"]
[White "imdarealist"]
[Black "Artem_Koval"]
[Result "1/2-1/2"]
[WhiteElo "2317"]
[BlackElo "2414"]
[TimeControl "180+1"]
[EndTime "11:36:28 PDT"]
[Termination "Game drawn by repetition"]

1. d4 d5 2. Bf4 Nf6 3. e3 c5 4. dxc5 Nc6 5. Bb5 e6 6. b4 a5 7. c3 Bd7 8. Qb3 Nh5 9. Bxc6 Bxc6 10. Be5 f6 11. b5 fxe5 12. bxc6 bxc6 13. Nd2 Bxc5 14.
Ngf3 O-O 15. O-O Rb8 16. Qa4 Rb2 17. Rab1 Qb6 18. Rxb2 Qxb2 19. Qxc6 Qxc3 20. Qxe6+ Kh8 21. Nb3 Bxe3 22. fxe3 Qxe3+ 23. Kh1 Nf4 24. Qxe5 Qxe5 25. Nxe5 g5 26. g3 Re8 27. Nf7+ Kg7 28. gxf4 Kxf7 29. fxg5+ Kg6 30. h4 Re4 31. Rf6+ Kg7 32. Rh6 a4 33. Nc5 Re2 34. Nxa4 Rxa2 35. Nc5 d4 36. Ne6+ Kg8 37. Nxd4 Rd2 38. Ne6 Rd6 39. Kg1 Rd2 40. Kf1 Ra2 41. Nf4 Ra5 42. Nh5 Ra2 43. Nf6+ Kg7 44. Rxh7+ Kf8 45.
Rh6 Rb2 46. h5 Rh2 47. Rh7 Rf2+ 48. Ke1 Re2+ 49. Kd1 Rd2+ 50. Kc1 Rc2+ 51. Kb1 Rb2+ 52. Ka1 Ra2+ 53. Kb1 Rb2+ 54. Kc1 Rc2+ 55. Kd1 Rd2+ 56.
Ke1 Re2+ 57. Kf1 Rf2+ 58. Kg1 Rg2+ 59. Kh1 Rh2+ 60. Kg1 Rg2+ 61. Kf1 Rf2+ 1/2-1/2

[Event "*** SCC Grand Prix: Titled Tuesday Blitz"]
[Site "Chess.com"]
[Date "2020.06.23"]
[Round "8"]
[White "Nafania1"]
[Black "MVM2008"]
[Result "1-0"]
[WhiteElo "2516"]
[BlackElo "2108"]
[TimeControl "180+1"]
[EndTime "11:36:32 PDT"]
[Termination "Nafania1 won by checkmate"]

1. e4 c5 2. Nf3 d6 3. Bb5+ Bd7 4. Bxd7+ Qxd7 5. c4 Nc6 6. Nc3 Nf6 7. d4 cxd4 8. Nxd4 g6 9. f3 Bg7 10. Be3 O-O 11. O-O Rac8 12. b3 a6 13. Nxc6 Qxc6 14. Rc1 Qd7 15. Na4 Rc6 16. Nb6 Qd8 17. Nd5 Nxd5 18.
exd5 Rc8 19. Qd2 Qd7 20. Bb6 e5 21. dxe6 fxe6 22. Rcd1 d5 23. cxd5 exd5 24. Qxd5+ Qxd5 25. Rxd5 Rc2 26. a4 Re8 27. g3 Rb2 28. Rd3 Ree2 29. Rf2 Rxf2 30. Bxf2 b5 31. axb5 axb5 32. Bc5 Bf6 33. f4 Kf7 34. b4 Rc2 35. Rd7+ Ke6 36. Rd6+ Kf5 37. g4+ Kxg4 38. Rxf6 Kf3 39. h4 Kg3 40.
Kf1 Kxh4 41. f5 Kg5 42. Rf7 gxf5 43. Rxh7 Kf4 44. Rh4+ Kf3 45. Rh3+ Kg4 46. Rd3 f4 47.
Ke1 f3 48. Bf2 Re2+ 49. Kf1 Rb2 50. Rd4+ Kf5 51. Kg1 Rb1+ 52. Kh2 Rb3 53. Kg3 Ke5 54. Rf4 Kd5 55. Bc5 Rc3 56. Rxf3 Rc4 57. Rf5+ Kc6 58. Rf6+ Kc7 59. Rb6 Rc3+ 60. Kf4 Rc4+ 61. Ke5 Rc1 62. Rxb5 Kc6 63. Rb6+ Kc7 64. Rh6 Re1+ 65. Kd5 Rd1+ 66. Kc4 Kb7 67. Kb5 Rd7 68. Rb6+ Ka8 69. Kc6 Rd8 70.
Ra6+ Kb8 71. Bd6+ Kc8 72. Ra8# 1-0

[Event "*** SCC Grand Prix: Titled Tuesday Blitz"]
[Site "Chess.com"]
[Date "2020.06.23"]
[Round "8"]
[White "Alexandercs432"]
[Black "czasnaszachy"]
[Result "1/2-1/2"]
[WhiteElo "2106"]
[BlackElo "2243"]
[TimeControl "180+1"]
[EndTime "11:36:34 PDT"]
[Termination "Game drawn by repetition"]

1. e4 c5 2. Nf3 d6 3. d4 cxd4 4. Nxd4 Nf6 5. Nc3 g6 6. Be3 Bg7 7. h3 Nc6 8. Bc4 O-O 9. Bb3 Bd7 10. O-O Rc8 11. f4 Qb6 12. Nf5 Qa5 13. Nxg7 Kxg7 14. Qf3 Be6 15. Rad1 Bxb3 16. axb3 Nb4 17. Rd2 Rfd8 18. Bd4 Nc6 19. Be3 b5 20. Rfd1 b4 21.
Nd5 Nxd5 22. Rxd5 Qc7 23. c4 Nb8 24. Bd4+ f6 25. f5 Nd7 26. Kh1 Ne5 27. Qe2 a5 28.
Qd2 Rb8 29. Be3 g5 30. Qe2 Qc6 31. Qh5 Qe8 32. Qe2 h6 33. Rxa5 Qc6 34. Rad5 Ra8 35. Qh5 Qe8 36. Qe2 Ra2 37. Bd4 Rda8 38. Kh2 Qc6 39. Qh5 Qe8 40. Qe2 Qf8 41. c5 dxc5 42. Bxe5 fxe5 43. Rxe5 Qf6 44. Red5 Rxb2 45. R1d2 Rxd2 46.
Qxd2 Ra1 47. Rxc5 Rb1 48. Qd5 Rb2 49. Rc8 Qd6+ 50. Qxd6 exd6 51. Rd8 Rxb3 52. Rxd6 Re3 53. Rd4 b3 54. Rb4 Kf6 55. Kg1 Ke5 56. Kf2 Rxe4 57.
Rxb3 Rf4+ 58. Kg3 Rxf5 59. Rb5+ Kf6 60. Rb6+ Kg7 61. Rb7+ Rf7 62. Rb6 Rf6 63. Rb7+ Rf7 64. Rb6 Rf6 65. Rb7+ Rf7 1/2-1/2

[Event "*** SCC Grand Prix: Titled Tuesday Blitz"]
[Site "Chess.com"]
[Date "2020.06.23"]
[Round "8"]
[White "PredragNikac"]
[Black "IwkooO"]
[Result "0-1"]
[WhiteElo "2231"]
[BlackElo "2530"]
[TimeControl "180+1"]
[EndTime "11:36:36 PDT"]
[Termination "IwkooO won by resignation"]

1. d4 Nf6 2. Nc3 e6 3. Bg5 d5 4. e3 h6 5. Bh4 c5 6. Nf3 Nc6 7.
Be2 Bd7 8. O-O Be7 9. a4 Ne4 10. Bxe7 Qxe7 11. Nxe4 dxe4 12. Ne5 Nxe5 13. dxe5 Rd8 14. Qe1 Bc6 15. Qc3 O-O 16. a5 Rd7 17. h3 Rfd8 18. Rfd1 Rxd1+ 19. Rxd1 Rxd1+ 20. Bxd1 Qd7 21. Be2 Qd5 22. Bc4 Qd1+ 23. Kh2 g5 24. g3 Kg7 25. Kg2 h5 26. Bf1 Qf3+ 27. Kg1 h4 28. g4 Qd1 29.
Qxc5 a6 30. c4 Ba4 31. Qd4 Qb1 32. Kg2 Bc2 33. Qd8 Bd3 34. Qxg5+ Kf8 35. Qd8+ Kg7 36. Bxd3 exd3 37. g5 Qd1 38. Qf6+ Kg8 39. g6 fxg6 40. Qxg6+ Kh8 41. Qh6+ Kg8 42. Qxe6+ Kh7 43. Qf7+ Kh6 44.
Qf6+ Kh7 45. Qxh4+ Kg7 46. Qf6+ Kh7 47. e6 d2 48. e7 Qh5 49. e8=Q Qxe8 50. Qf5+ Kh8 51.
Qf6+ Kh7 52. Qd4 Qg6+ 53. Kf1 Qb1+ 54. Kg2 d1=Q 55. Qh4+ Kg7 56. Qe7+ Kh6 57. Qf8+ Kg5 58. Qg7+ Qg6 59. Qe5+ Kh6+ 60. Qg3 Qxg3+ 61. Kxg3 Qc2 62. b3 Qxb3 0-1

[Event "*** SCC Grand Prix: Titled Tuesday Blitz"]
[Site "Chess.com"]
[Date "2020.06.23"]
[Round "8"]
[White "peixe64"]
[Black "Stormeman100100"]
[Result "1-0"]
[WhiteElo "2367"]
[BlackElo "2459"]
[TimeControl "180+1"]
[EndTime "11:36:36 PDT"]
[Termination "peixe64 won by resignation"]

1. d4 Nf6 2. c4 e6 3. Nc3 d5 4. Bg5 Be7 5. Nf3 O-O 6. e3 Nbd7 7. Bd3 h6 8. Bh4 b6 9. O-O Bb7 10. cxd5 Nxd5 11. Bg3 c5 12. Qe2 Nxc3 13. bxc3 Nf6 14. e4 cxd4 15. cxd4 Nh5 16. Rad1 Nxg3 17. hxg3 Rc8 18.
Ba6 Qc7 19. Bxb7 Qxb7 20. d5 exd5 21. exd5 Rfd8 22. Rfe1 Bf6 23. d6 Rd7 24. Rd3 Rcd8 25. Red1 Qc6 26. Qd2 Rc8 27. Nh2 Bg5 28. f4 Bf6 29.
Ng4 Bc3 30. Qe2 Rcd8 31. Qf3 Qxf3 32. gxf3 Bb4 33. Ne5 Rxd6 34. Rxd6 Rxd6 35. Rc1 Bc5+ 36. Kg2 Rd2+ 37. Kh3 Rxa2 38. Rd1 Be7 39. Rd7 Bf6 40. Nxf7 b5 41. g4 b4 42. g5 hxg5 43. fxg5 Bc3 44. g6 Kf8 45. Nd6 Be5 46. Rf7+ Kg8 47. Nf5 Bf6 48. Rb7 Rd2 49. Rxb4 Rd8 50. Rb7 Ra8 51. Rb4 a5 52. Ra4 Bc3 53. Nd6 Bb4 54. Nc4 Ra7 55.
Kg4 Kf8 56. f4 Ke7 57. f5 Kf6 58. Ne3 Rc7 59. Nd5+ Ke5 60. Nxc7 Ke4 61. Na6 Ke5 62.
Nxb4 axb4 63. Rxb4 Kf6 64. Rf4 Ke5 65. Kg5 Kd5 66.
f6 gxf6+ 67. Rxf6 Ke5 68. g7 Kd5 69. g8=Q+ Ke5 70. Qe8+ 1-0

[Event "*** SCC Grand Prix: Titled Tuesday Blitz"]
[Site "Chess.com"]
[Date "2020.06.23"]
[Round "8"]
[White "Bayernbk"]
[Black "novendrapriasmoro"]
[Result "1-0"]
[WhiteElo "2479"]
[BlackElo "2600"]
[TimeControl "180+1"]
[EndTime "11:36:39 PDT"]
[Termination "Bayernbk won on time"]

1. e4 c5 2. c3 g6 3. d4 cxd4 4. cxd4 Bg7 5. Nc3 d6 6. Nf3 Nf6 7. Be2 O-O 8. O-O Nc6 9. Be3 Bg4 10. h3 Bxf3 11. Bxf3 e5 12. dxe5 dxe5 13. Qxd8 Rfxd8 14. Rfd1 Nd4 15. Bxd4 exd4 16. Nd5 Nxd5 17. exd5 Rac8 18.
Rac1 Be5 19. g3 h5 20. h4 Kg7 21. Kf1 f5 22. Ke2 Kf6 23. Kd3 f4 24. g4 hxg4 25. Bxg4 Rxc1 26. Rxc1 Rh8 27. Rh1 Ke7 28. Ke4 Kd6 29. h5 d3 30. Kxd3 Bxb2 31. h6 Kxd5 32. Bf3+ Ke5 33. Bxb7 Kf6 34. h7 Kg7 35. Be4 Kf6 36.
Rh6 Ke5 37. f3 g5 38. Rg6 Ba1 39. Rxg5+ Kd6 40. Rd5+ Ke6 41. Ra5 Rd8+ 42. Ke2 Bc3 43. Ra6+ Ke5 44. Rxa7 Ke6 45. Ra6+ Ke7 46. Rh6 Bh8 47.
Rg6 Kf8 48. Rg8+ Ke7 49. Rxd8 Kxd8 50. Kd3 Ke7 51. Kc4 Kd6 52. a4 Kc7 53. Kb5 Kb8 54. a5 Ka7 55. a6 Kb8 56. Bb7 Ka7 57. Kc6 Kb8 58. Kd5 Ka7 59. Ke4 Kb6 60. Kxf4 Ka7 61. Kf5 Kb8 62. Ke6 1-0

[Event "*** SCC Grand Prix: Titled Tuesday Blitz"]
[Site "Chess.com"]
[Date "2020.06.23"]
[Round "8"]
[White "JoachimMouhamad"]
[Black "kakakz"]
[Result "0-1"]
[WhiteElo "2431"]
[BlackElo "2353"]
[TimeControl "180+1"]
[EndTime "11:36:39 PDT"]
[Termination "kakakz won by resignation"]

1. e4 c5 2. Nf3 d6 3. d4 cxd4 4. Nxd4 Nf6 5. Nc3 Nc6 6. Bg5 Bd7 7. Qd2 h6 8. Bxf6 gxf6 9. O-O-O Nxd4 10. Qxd4 Qa5 11.
Kb1 Rc8 12. Nd5 Qc5 13. Qd2 Bg7 14. g4 Bxg4 15. Rc1 h5 16. h3 Bf3 17. Rg1 Bh6 18.
Rg8+ Kd7 19. Rxc8 Bxd2 20. Rxc5 dxc5 21. Bb5+ Ke6 22. Rg1 Bxe4 23. Ne3 Bxe3 24. fxe3 a6 25. Be2 h4 26. Kc1 b5 27. Rg4 f5 28. Rg7 Kf6 29.
Rg1 Bd5 30. a4 bxa4 31. Kd2 a5 32. Kc3 e6 33. Ra1 Rg8 34. Rxa4 Rg3 35. Rxh4 Rxe3+ 36. Kd2 Re4 37. Rh8 Rb4 38. b3 a4 39. bxa4 Rxa4 40. h4 Kg7 41. Rc8 Rxh4 42. Rxc5 Rh2 43. Ke1 Kf6 44. c4 Be4 45. Rc8 Ke5 46. c5 Rh3 47. c6 Rc3 48. c7 Bb7 49. Rf8 Rxc7 50. Kf2 Be4 51. Bf1 f6 52. Kg1 Rc2 53. Rh8 f4 54.
Rh5+ f5 55. Rh6 Kd5 56. Rh7 e5 57. Rh6 Kd4 58. Rc6 Rxc6 0-1

[Event "*** SCC Grand Prix: Titled Tuesday Blitz"]
[Site "Chess.com"]
[Date "2020.06.23"]
[Round "8"]
[White "VincentKeymer"]
[Black "RobertoJBM"]
[Result "0-1"]
[WhiteElo "2817"]
[BlackElo "2677"]
[TimeControl "180+1"]
[EndTime "11:36:41 PDT"]
[Termination "RobertoJBM won by resignation"]

1. Nf3 d5 2. e3 c6 3. c4 Nf6 4. Nc3 a6 5. b3 Bf5 6. Be2 h6 7. Bb2 e6 8. O-O Nbd7 9. d4 Bd6 10. Re1 Qe7 11. Bd3 Bxd3 12. Qxd3 Ba3 13. Bxa3 Qxa3 14. Ne5 O-O 15. e4 Nxe5 16. dxe5 Nxe4 17. Nxe4 dxe4 18. Qxe4 Rad8 19. h4 Rd2 20. Re3 Rfd8 21. Rg3 Qb2 22. Rf1 Qd4 23. Qf3 Rd3 24. Qg4 Qxg4 25. Rxg4 Rd2 26. f4 R8d4 27. h5 Rxa2 28. Rf3 Kf8 29. Kh2 a5 30. Rfg3 Ke7 31. Rxg7 Rxf4 32.
Rh7 Rh4+ 33. Rh3 Rxh3+ 34. Kxh3 Rb2 35. Rxh6 Rxb3+ 36. g3 Kf8 37. Rh8+ Kg7 38. Ra8 Rc3 39. Rxa5 Rxc4 40. Ra7 Rb4 41. g4 Kh6 42. Kh4 c5 43.
Ra8 Kg7 44. Kg5 Re4 45. h6+ Kh7 46. Kf6 Rf4+ 47. Ke7 Kxh6 48. Rh8+ Kg7 49. Rc8 Rxg4 50. Rxc5 Rd4 51. Rb5 Rd5 52. Rxb7 Rxe5 53. Ke8 Rd5 54. Rxf7+ Kg6 55. Rf1 e5 56. Ke7 e4 57. Ke6 Ra5 58. Re1 Ra8 59. Rg1+ Kh5 60. Kf5 Rf8+ 61. Kxe4 Rf7 62. Ke5 Kh6 63. Ke6 Rf2 64. Rg3 Kh5 65.
Rg8 Kh4 66. Ke5 Kh3 67. Re8 Re2+ 68. Kf6 Rxe8 0-1

[Event "*** SCC Grand Prix: Titled Tuesday Blitz"]
[Site "Chess.com"]
[Date "2020.06.23"]
[Round "8"]
[White "Irishchessman16"]
[Black "MartinMatthiesen"]
[Result "1-0"]
[WhiteElo "2444"]
[BlackElo "2331"]
[TimeControl "180+1"]
[EndTime "11:36:41 PDT"]
[Termination "Irishchessman16 won on time"]

1. e4 c5 2. Nf3 d6 3. d4 cxd4 4. Nxd4 Nf6 5. Nc3 a6 6. h3 e6 7. g4 d5 8. exd5 Nxd5 9. Nde2 Bb4 10. Bd2 O-O 11. Bg2 Nxc3 12. Bxc3 Bxc3+ 13. Nxc3 Qb6 14. Qc1 Nc6 15. O-O Nd4 16. Qe3 e5 17. Qxe5 Nxc2 18.
Nd5 Qd4 19. Qxd4 Nxd4 20. Rfd1 Nc6 21. Nb6 Rb8 22. f4 h5 23. f5 hxg4 24. hxg4 Ne5 25. Rd4 g6 26. Re1 f6 27. g5 Bxf5 28. gxf6 Ng4 29.
Nd7 Nxf6 30. Nxf8 Kxf8 31. Rd6 Nh5 32. Rb6 Nf4 33. Rxb7 Rd8 34. Rf1 Ne2+ 35. Kf2 Rd2 36. Ke3 Rc2 37. Rf2 Nd4 38. Rxc2 Nxc2+ 39. Kf4 Nd4 40. Ke5 Nb5 41. Kf6 Kg8 42. Bd5+ Kh8 43. a4 Nd4 44. Ra7 Bd3 45. b4 Nc2 46. b5 axb5 47. axb5 Nb4 48. Bc6 Bc2 49. Ra3 Kg8 50. Rc3 Bb1 51. Rb3 Nd3 52. Rxb1 Nc5 53. Bd5+ Kf8 54. Ra1 Nd7+ 55. Ke6 Nb6 56. Kd6 g5 57.
Ra6 Nc8+ 58. Kd7 g4 59. Kxc8 g3 60. b6 g2 61. Bxg2 Ke7 62. b7 Kf7 63. Rc6 Ke7 64. b8=Q Kf7 65. Qc7+ 1-0

[Event "*** SCC Grand Prix: Titled Tuesday Blitz"]
[Site "Chess.com"]
[Date "2020.06.23"]
[Round "8"]
[White "Beca95"]
[Black "Angry_Twin"]
[Result "0-1"]
[WhiteElo "2885"]
[BlackElo "2820"]
[TimeControl "180+1"]
[EndTime "11:36:42 PDT"]
[Termination "Angry_Twin won on time"]

1. d4 Nf6 2. c4 e6 3. Nf3 d5 4. Nc3 c6 5. Qb3 Nbd7 6. Bg5 h6 7. Bh4 Bd6 8. e3 O-O 9. g4 Qa5 10. g5 hxg5 11. Bxg5 Ne4 12. Rg1 f5 13. Bd3 Ndf6 14. c5 Bc7 15. Bf4 Bxf4 16. exf4 b6 17. Ne5 bxc5 18.
Bxe4 fxe4 19. O-O-O cxd4 20. Nxc6 Qc7 21. Nxd4 Qxf4+ 22. Kb1 Rb8 23. Qa3 Bd7 24. Rg2 Rb7 25. Rdg1 Bc8 26. Nc6 Qc7 27. Na5 Rb6 28. Rxg7+ Qxg7 29. Rxg7+ Kxg7 30. Qc5 Bd7 31. Qc7 Rfb8 32. Nb3 R8b7 33.
Qe5 Kf7 34. Ne2 a5 35. Ka1 a4 36. Nc5 Rb8 37. Qf4 Rxb2 38. Nc3 Ke7 39. Qg5 Rc2 40. Nxd7 Kxd7 41. Qe3 Ng4 42. Qf4 Kc8 43. Qf8+ Kb7 44. Qb4+ Kc8 45. Qc5+ Kd7 46. Qa3 Nxf2 47. Qxa4+ Kd6 48.
Qxc2 Nd3 49. Qd2 Ke5 50. Qe3 Rc8 51. Qg3+ Kd4 52. Ne2+ Kc4 53. Qe3 Kb5 54. Qd4 Rc4 55. Qe3 e5 56. Qd2 d4 57. a3 Kc5 58. Qd1 Kd5 59. Qb3 Nc5 60. Qa2 e3 61. Nc1 d3 62.
Nxd3 Nxd3 63. Qg2+ Kd4 64. Qg4+ Kc3 0-1

[Event "*** SCC Grand Prix: Titled Tuesday Blitz"]
[Site "Chess.com"]
[Date "2020.06.23"]
[Round "8"]
[White "OnePeculiarConundrum"]
[Black "Bazarov04"]
[Result "1/2-1/2"]
[WhiteElo "2317"]
[BlackElo "2496"]
[TimeControl "180+1"]
[EndTime "11:36:43 PDT"]
[Termination "Game drawn - insufficient material"]

1. e4 d6 2. d4 Nf6 3. Nc3 c6 4. Bg5 Qa5 5. Qd2 b5 6. e5 b4 7. Nce2 dxe5 8. dxe5 Ne4 9. Qe3 Nxg5 10. Qxg5 Nd7 11.
Nf3 e6 12. Ned4 c5 13. Nb3 Qc7 14. Bc4 h6 15. Qe3 Be7 16. O-O O-O 17. a3 Bb7 18. Be2 a5 19. axb4 axb4 20. Rxa8 Bxa8 21. Re1 Rd8 22.
Nbd2 Nb6 23. Nc4 Nd5 24. Qc1 Bc6 25. Bf1 Ra8 26. h3 Bf8 27. Nfd2 Ra2 28. Ne4 Qa7 29. Ned6 g6 30. Qd1 Bg7 31. Bd3 Nf4 32. Be4 Bd5 33.
b3 Bxe4 34. Rxe4 Nd5 35. Re1 g5 36. Qe2 Nc3 37. Qd3 Nd5 38. g3 Ra1 39. Rxa1 Qxa1+ 40. Kg2 Bxe5 41. Nxe5 Qxe5 42. Nc4 Qd4 43. Qe2 Nc3 44. Qf3 Qe4 45. Na5 f5 46. Qxe4 Nxe4 47. Nb7 Kf7 48. f3 Nc3 49. Nxc5 e5 50. Nd3 Ke6 51. Nxb4 e4 52.
fxe4 Nxe4 53. Kf3 Nc3 54. Nd3 h5 55. Ke3 Nd5+ 56. Kd4 Kd6 57. c4 Nf6 58. c5+ Ke6 59.
b4 Ne4 60. b5 Nxg3 61. b6 Kd7 62. Ne5+ Kc8 63. c6 Ne2+ 64. Kc5 Nf4 65. c7 Ne6+ 66. Kc6 Nd4+ 67. Kd5 Nb5 68. Kc5 Nxc7 69. bxc7 Kxc7 70. Kd5 h4 71. Ke6 g4 72. hxg4 fxg4 73.
Nxg4 h3 74. Kf5 h2 75. Nxh2 1/2-1/2

[Event "*** SCC Grand Prix: Titled Tuesday Blitz"]
[Site "Chess.com"]
[Date "2020.06.23"]
[Round "8"]
[White "RaunakSadhwani2005"]
[Black "Alexander_Donchenko"]
[Result "1/2-1/2"]
[WhiteElo "2876"]
[BlackElo "2683"]
[TimeControl "180+1"]
[EndTime "11:36:44 PDT"]
[Termination "Game drawn by repetition"]

1. e4 c6 2. Nf3 d5 3. d3 dxe4 4. dxe4 Qxd1+ 5. Kxd1 Nf6 6. Nbd2 Bg4 7. Be2 Nbd7 8. Ne1 Bxe2+ 9. Kxe2 e6 10. Nd3 Nc5 11.
f3 Nxd3 12. cxd3 c5 13. Nc4 Be7 14. Be3 Nd7 15. Rhc1 O-O 16. a3 Rfc8 17. Rab1 Kf8 18. b4 cxb4 19. axb4 b5 20. Na5 Rxc1 21. Rxc1 Bxb4 22.
Nc6 Ba3 23. Ra1 Bc5 24. Nxa7 Bxe3 25. Kxe3 e5 26. d4 exd4+ 27. Kxd4 Nf6 28. Kc5 g5 29. Ra2 Rb8 30. Nxb5 Nd7+ 31. Kb4 Ne5 32. Rd2 Ke7 33. Kc5 Rc8+ 34. Kd4 Rd8+ 35. Kc3 Rc8+ 36. Kb3 Rb8 37. Ka4 Ra8+ 38. Kb4 Rb8 39. Rd5 f6 40. Kc3 Ra8 41. Rd2 Rc8+ 42. Kb3 Rb8 43. Kb4 h5 44. Kc5 Rc8+ 45.
Kb4 Rb8 46. Rd5 h4 47. Kc3 h3 48. gxh3 Nxf3 49. Nd4 Nxd4 50. Rxd4 Ke6 51. Rd5 Rh8 52. Rd3 Ke5 53. Rf3 Rd8 54. Rf5+ Ke6 55. Rf3 Rd1 56.
Rd3 Rh1 57. Rf3 Rxh2 58. Kd4 Ra2 59. Rb3 Rh2 60. Ra3 Kf7 61. Rb3 Kg6 62. Kd5 Rd2+ 63. Ke6 Re2 64. Kd5 Rd2+ 65. Ke6 Re2 66. Kd5 Rd2+ 1/2-1/2

[Event "*** SCC Grand Prix: Titled Tuesday Blitz"]
[Site "Chess.com"]
[Date "2020.06.23"]
[Round "8"]
[White "Gareth-Bale11"]
[Black "TheNextLevelFan"]
[Result "0-1"]
[WhiteElo "2710"]
[BlackElo "2517"]
[TimeControl "180+1"]
[EndTime "11:36:47 PDT"]
[Termination "TheNextLevelFan won on time"]

1. e4 e5 2. Nf3 Nc6 3. Bc4 Bc5 4. c3 Nf6 5. d4 exd4 6. e5 d5 7. Be2 Ne4 8. cxd4 Bb4+ 9. Nbd2 O-O 10. O-O Bf5 11.
Nb3 Be7 12. Bf4 Nb8 13. Rc1 Nd7 14. Nc5 Ndxc5 15. dxc5 Bxc5 16. Nd4 Bg6 17. Be3 Bxd4 18. Bxd4 f5 19. exf6 Nxf6 20. Re1 c6 21. Qb3 Qd7 22.
f3 a6 23. Qc3 Rae8 24. b4 Nh5 25. Bf1 Nf4 26. Bc5 Rf6 27. Rxe8+ Qxe8 28. Bd4 Rf7 29. a4 Re7 30. b5 axb5 31. axb5 Ne2+ 32. Bxe2 Rxe2 33. bxc6 bxc6 34. Qxc6 Re1+ 35. Kf2 Qe2+ 36. Kg3 Rxc1 37. Qxc1 h6 38. Qc7 Bf7 39. Qc8+ Kh7 40. Qf5+ Kg8 41. Qc8+ Qe8 42. Qg4 Qe1+ 43. Bf2 Qe5+ 44.
Qf4 Qxf4+ 45. Kxf4 Kf8 46. Bc5+ Ke8 47. Bd4 g6 48. g4 h5 49. gxh5 gxh5 50. Kf5 Kd7 51. Kf6 Be8 52. f4 Kd6 53. f5 Ba4 54. Be5+ Kd7 55.
Bd4 Bc2 56. Ke5 Ke7 57. f6+ Kf7 58. Kxd5 Bd1 59. Ke5 Be2 0-1